 Dungeon Crawl Stone Soup version 0.31.0-9-g3a7656b989 (webtiles) character file.

Game seed: 13081374342997859808

105 Killerpretzel the Changeling (level 4, -4/29 HPs)
             Began as an Octopode Shapeshifter on Feb 6, 2024.
             Killed by divine providence
             ... invoked by an orc priest
              (11 damage)
             ... on level 4 of the Dungeon.
             The game lasted 00:07:02 (2125 turns).

Killerpretzel the Changeling (OpSh)                 Turns: 2125, Time: 00:07:02

Health: -4/29      AC:  1    Str: 13    XL:     4   Next: 83%
Magic:  4/4        EV: 13    Int: 12    God:
Gold:   1068       SH:  0    Dex: 13    Spells: 3/3 levels left

rFire   . .          .
                       - Unarmed
rCold   . . .        (no shield)
rNeg    . . .        (helmet currently unavailable)
rPois   .            (no amulet)
rElec   .            (no ring)
rCorr   .            (no ring)
SInv    .            (no ring)
Will    .....        (no ring)
Stlth   ++           (no ring)
HPRegen 0.24/turn    (no ring)
MPRegen 0.09/turn    (no ring)
                     (no ring)

%: no passive effects
@: beast-form
A: beast (slay +2), almost no armour, amphibious, 8 rings, camouflage 1,
gelatinous body 1, (nimble swimmer 1), tentacles
a: Begin Untransformation


You were on level 4 of the Dungeon.
You were a hulking beast.
You visited 1 branch of the dungeon, and saw 4 of its levels.

You collected 1068 gold pieces.

Inventory:

Missiles
 e - 8 boomerangs (quivered)
Talismans
 b - a beast talisman
 c - a flux talisman
Scrolls
 d - a scroll of fog {unknown}
 h - a scroll of revelation {unknown}
 j - a scroll of amnesia
 l - 2 scrolls of identify
 m - a scroll of immolation
Potions
 a - 2 potions of lignification
 f - a potion of enlightenment
 g - 2 potions of magic {unknown}
 i - a potion of heal wounds {unknown}
 k - 2 potions of brilliance {unknown}


   Skills:
 + Level 2.1 Fighting
 + Level 2.7 Dodging
 + Level 3.5 Unarmed Combat
 * Level 3.9 Shapeshifting


You had 3 spell levels left.
You didn't know any spells.
Your spell library contained the following spells:

 Spells                   Type           Power      Damage    Failure   Level
 Apportation              Tloc           0%         N/A       32%         1
 Magic Dart               Conj           0%         1d3       32%         1
 Necrotise                Necr           0%         1d4       32%         1
 Sting                    Conj/Alch      0%         1d3       32%         1
 Summon Small Mammal      Summ           0%         N/A       32%         1
 Blink                    Tloc           0%         N/A       45%         2
 Call Imp                 Summ           0%         N/A       45%         2
 Fugue of the Fallen      Necr           0%         N/A       69%         3
 Ozocubu's Armour         Ice            0%         N/A       69%         3
 Manifold Assault         Tloc           0%         N/A       97%         4


Dungeon Overview and Level Annotations

Branches:
Dungeon (4/15)
 Temple: D:4-7

Altars:
Fedhas

Shops:
D:2 *


Innate Abilities, Weirdness & Mutations

You are a hulking beast.
Your limbs bulge with bestial killing power. (Slay +2)
You cannot wear most types of armour.
You are amphibious.
You can wear up to eight rings at the same time.
Your skin changes colour to match your surroundings (Stealth+).
Your rubbery body absorbs attacks. (AC +1, EV +1)
((You are camouflaged when in or above water. (Stealth+)))
You have tentacles for arms and can constrict up to eight enemies at once.


Message History

No target in view!
You open the door.
An orc priest and 2 orc wizards come into view.
The orc wizard shouts!
There is an open door here.
You close the door.
An orc wizard opens the door.
A giant cockroach comes into view.
A ball python comes into view.
You closely miss the orc wizard.
The ball python hisses angrily.
The orc priest shouts!
Your grab misses the orc wizard.
You hear a shout! x2
The orc wizard hits you with a +0 dagger.
You tentacle-slap the orc wizard. You grab the orc wizard.
You squeeze the orc wizard.
The orc wizard is severely wounded.
You constrict the orc wizard.
The orc wizard hits you with a +0 dagger.
The orc priest invokes the aid of Beogh against you.
Beogh smites you!
You tentacle-slap the orc wizard.
You kill the orc wizard!
The orc priest invokes the aid of Beogh against you.
You barely resist.
The orc priest casts a cantrip, but nothing happens.
The giant cockroach attacks as it pursues you!
The giant cockroach bites you.
You bludgeon the giant cockroach!
You kill the giant cockroach!
The orc priest mumbles some strange prayers to Beogh against you.
Beogh smites you!
* * * LOW HITPOINT WARNING * * *
There is an open door, spattered with blood here.
Items here: $ ) [ †.
You tentacle-slap the orc priest. You grab the orc priest.
The orc priest is lightly wounded.
You constrict the orc priest.
The orc priest invokes the aid of Beogh against you.
Beogh smites you!
You die...

§~§§§.. §§§~...
§~§.... ....o..
....... $......
.....?S##############
...?..oh............#
.....$.###########.##
....... #<# #.#
####### #.# #.# #.#
#.# #.# #.# #.#
#.#### #.# #....# #.#
###.##


You could see an orc priest, an orc wizard and a ball python.

Vanquished Creatures
  An orc wizard (D:4)
  3 adders
  2 ribbon worms (D:2)
  2 dart slugs (D:2)
  6 endoplasms
  A giant cockroach (D:4)
  4 hobgoblins
  4 jackals (D:2)
  2 kobolds
  A quokka (D:2)
  6 ball pythons
  3 bats
  2 frilled lizards
  3 goblins
  7 rats
47 creatures vanquished.

Notes
Turn   | Place    | Note
-------+----------+-------------------------------------------
     0 | D:1      | Killerpretzel the Octopode Shapeshifter began the quest for
                  | the Orb.
     0 | D:1      | Reached XP level 1. HP: 13/13 MP: 1/1
   173 | D:1      | Reached XP level 2. HP: 18/18 MP: 2/2
   389 | D:1      | Found a faded altar of an unknown god.
   686 | D:2      | Reached XP level 3. HP: 19/23 MP: 3/3
  1143 | D:2      | Reached XP level 4. HP: 29/29 MP: 4/4
  1161 | D:2      | Found Quga's Assorted Antiques.
  1168 | D:2      | Found a blossoming altar of Fedhas.
  1333 | D:2      | Identified a scroll of acquirement
  1333 | D:2      | Acquired 900 gold pieces
  2125 | D:4      | Killed from afar by an orc priest

Illustrated notes

Levels and vault maps discovered:
D:1:      dpeg_arrival_tiny_f, layout_rooms,
          shapermc_ecumenical_altar_mp_vishouse, hex_large, minmay_tetromino_l4
D:2:      layout_loops_ring, serial_shops, shop, basic_altar,
          serial_park_tiny_2, hangedman_decor_clover_reticule
D:3:      layout_loops_cross, mrwooster_statue_mirror
D:4:      layout_basic, minmay_temple_entry_mist, serial_shops,
          nicolae_shop_back_alley_shop

Skill      XL: |  1  2  3  4 |
---------------+-------------+-----
Fighting       | 2 |  2.1
Dodging        | |  2.7
Unarmed Combat | |  3.5
Shapeshifting  | |  3.9

Action                     |  1- 3 |  4- 6 || total
---------------------------+-------+-------++-------
  Melee: Unarmed           |    70 |    19 ||    89
         Constrict         |    15 |     6 ||    21
         Tentacles         |    12 |     3 ||    15
    Use: Scroll            |       |     6 ||     6
   Stab: Sleeping          |     8 |     2 ||    10
 Armour: Skin              |    23 |     8 ||    31
  Dodge: Dodged            |    37 |    12 ||    49
